Map: Site Delta LE

Players

SubN - Winner!

  • Race: Zerg Zerg
  • League: Diamond
  • Spawn Location: 11:00

Terreviento

  • Race: Terran Terran
  • League: Diamond
  • Spawn Location: 5:00

VOD

Have the link to the VOD?

Description

Time

  • Played on: Dec. 21, 2023, 10:43 p.m.
  • Length: 5:59
Show
View Real Time Build Order
Export as new Build Order

SubN Zerg - Winner!

Build Orders: Hatch First 

Get SALT Encoding   

  12  0:00  Drone  
  13  0:10  Drone  
  14  0:16  Overlord  
  14  0:24  Drone, Extractor  
  14  0:34  Drone x2  
  17  0:52  Hatchery  
  17  0:56  Drone  
  17  0:59  Drone  
  17  1:02  Extractor  
  17  1:19  Spawning Pool  
  17  1:21  Drone  
  17  1:27  Drone  
  17  1:29  Drone  
  19  1:37  Drone  
  20  1:55  Overlord  
  20  2:05  Queen x2  
  20  2:08  Metabolic Boost  
  24  2:13  Drone  
  25  2:17  Drone  
  25  2:20  Drone  
  25  2:22  Drone  
  28  2:25  Drone  
  28  2:27  Drone  
  30  2:33  Overlord  
  30  2:38  Drone  
  31  2:46  Queen  
  31  2:48  Queen  
  35  2:52  Drone  
  36  3:00  Drone x3  
  39  3:08  Drone  
  40  3:15  Drone x2  
  42  3:20  Hatchery  
  42  3:24  Overlord  
  42  3:26  Drone x3  
  44  3:34  Overlord x2  
  44  3:42  Queen  
  44  3:48  Extractor  
  45  3:49  Extractor  
  45  3:52  Lair  
  44  3:56  Drone x2  
  44  3:57  Drone x3  
  49  4:03  Drone  
  49  4:05  Overlord  
  50  4:14  Baneling Nest  
  49  4:17  Queen  
  51  4:27  Drone x2  
  51  4:28  Drone x7  
  60  4:38  Drone  
  61  4:39  Evolution Chamber  
  61  4:40  Drone x2, Evolution Chamber  
  61  4:42  Drone x2  
  61  4:45  Drone  
  64  4:48  Extractor  
  64  4:49  Drone  
  64  4:53  Overlord  
  64  4:56  Drone x3  
  67  5:09  Zergling x2  
  67  5:10  Zergling x6  
  67  5:11  Queen  
  74  5:14  Zergling x6  
  74  5:18  Hydralisk Den  
  74  5:20  Zergling x2  
  79  5:21  Zergling x4  
  79  5:27  Hydralisk Den  
  78  5:28  Baneling  
  78  5:29  Baneling x7  
  78  5:30  Zergling x6  
  78  5:35  Zergling x2  
  82  5:38  Baneling x6  
Show
View Real Time Build Order
Export as new Build Order

Terreviento Terran 

Build Orders:  

Get SALT Encoding   

  12  0:01  SCV  
  13  0:36  Command Center  
  13  0:41  SCV  
  14  0:50  Supply Depot  
  14  0:53  SCV  
  15  1:11  SCV  
  15  1:12  Barracks  
  16  1:23  SCV  
  17  1:35  SCV  
  18  1:41  Barracks  
  18  1:47  SCV  
  19  1:56  Supply Depot  
  19  2:00  Refinery, SCV  
  19  2:01  Marine  
  21  2:10  SCV  
  21  2:12  Orbital Command  
  22  2:22  SCV  
  23  2:24  Marine  
  23  2:29  Marine  
  25  2:39  Bunker, SCV  
  25  2:40  SCV  
  25  2:43  Barracks Tech Lab  
  27  2:46  Refinery  
  27  2:49  Barracks, Marine  
  28  2:59  SCV x2  
  28  3:01  Marine  
  31  3:11  Factory  
  31  3:16  SCV x2  
  31  3:17  Marine  
  34  3:25  Marine  
  35  3:28  SCV  
  35  3:29  SCV  
  37  3:36  Supply Depot  
  37  3:39  Marine  
  37  3:40  Barracks Tech Lab  
  38  3:42  Marine  
  38  3:43  SCV  
  38  3:44  SCV  
  41  4:00  Factory Tech Lab  
  41  4:03  Marine  
  41  4:04  Marine, Barracks Reactor  
  41  4:06  Stimpack, SCV  
  41  4:07  SCV  
  45  4:12  Supply Depot  
  45  4:19  Orbital Command  
  45  4:21  SCV  
  45  4:22  Siege Tank  
  49  4:24  Marine  
  49  4:30  Marine  
  51  4:33  SCV  
  52  4:41  Command Center  
  52  4:43  Supply Depot  
  52  4:46  SCV  
  52  4:47  SCV  
  52  4:48  Marine x2  
  52  4:50  Marine  
  57  4:54  Marine  
  58  5:06  Marine, SCV  
  58  5:07  Marine  
Tags
 
Add a new tag
Caveats
  • Supply blocks, unpowered buildings, or Contaminate may cause inaccurate times.
  • Supply counts are checked every 10 seconds.